 Dungeon Crawl Stone Soup version 0.25-a0-558-g78a2afb0af (webtiles) character file.

Game seed: 15437688234949688360, levelgen mode: classic

58808 EnegeticOcto the Champion of Chaos (level 14, -7/136 HPs)
             Began as a Deep Dwarf Fighter on Feb 24, 2020.
             Was the Champion of Makhleb.
             Killed from afar by Nikola (25 damage)
             ... with a chain lightning
             ... on level 2 of the Spider Nest.
             The game lasted 00:12:05 (12995 turns).

EnegeticOcto the Champion of Chaos (DDFi)          Turns: 12995, Time: 00:12:06

Health: -7/136     AC: 27    Str: 24    XL:     14   Next: 50%
Magic:  15/15 (6)  EV: 18    Int:  8    God:    Makhleb [******]
Gold:   1329       SH: 13    Dex: 13    Spells: 13/13 levels left

rFire    x . .     SeeInvis .   u - +0 war axe (freeze)
rCold    . . .     Gourm    .   c - +1 kite shield
rNeg     + + +     Faith    +   G - +6 chain mail "Vacis" {rF- rN+ MP+9}
rPois    +         Spirit   .   d - +1 helmet
rElec    .         Reflect  .   B - +2 ratskin cloak {+Rats rPois rN+ Str-1 Int-1 Dex+1}
rCorr    .         Harm     .   (no gloves)
MR       ++...                  l - +2 pair of boots
Stlth    ..........             L - amulet of faith
HPRegen  0.00/turn              N - +6 ring of evasion
MPRegen  0.14/turn              J - ring of poison resistance

@: non-regenerating
A: damage resistance, heal wounds, negative energy resistance 1, sense
surroundings 2, no regeneration
a: Heal Wounds, Minor Destruction, Lesser Servant of Makhleb, Major Destruction,
Greater Servant of Makhleb, Renounce Religion, Evoke Ratskin


You were on level 2 of the Spider Nest.
You worshipped Makhleb.
Makhleb was exalted by your worship.
You were not hungry.

You visited 4 branches of the dungeon, and saw 22 of its levels.
You also visited: Gauntlet.

You collected 1445 gold pieces.
You spent 116 gold pieces at shops.

Inventory:

Hand Weapons
 a - a +0 broad axe
 u - a +0 war axe of freezing (weapon)
Armour
 c - a +1 kite shield (worn)
 d - a +1 helmet (worn)
 l - a +2 pair of boots (worn)
 B - the +2 ratskin cloak (worn) {+Rats rPois rN+ Str-1 Int-1 Dex+1}
   (You found it on level 7 of the Dungeon)

   It affects your strength (-1).
   It affects your intelligence (-1).
   It affects your dexterity (+1).
   It protects you from poison.
   It protects you from negative energy.
   If you remove this armour, your AC will decrease by 4 (27 -> 23).
 G - the +6 chain mail "Vacis" (worn) {rF- rN+ MP+9}
   (You found it on level 11 of the Dungeon)

   It makes you vulnerable to fire.
   It protects you from negative energy.
   It affects your magic capacity (+9).
   If you remove this armour, your AC will decrease by 18 (27 -> 9).
Jewellery
 b - a +5 ring of strength
 D - a ring "Huuq" {rC+ rN+ Int+5}
   (You found it in a Gauntlet)

   [ring of positive energy]

   It affects your intelligence (+5).
   It protects you from cold.
   It protects you from negative energy.
 J - a ring of poison resistance (right hand)
 L - an amulet of faith (around neck)
 N - a +6 ring of evasion (left hand)
Wands
 o - a wand of paralysis (12)
 p - a wand of polymorph (30)
 r - a wand of flame (46)
 y - a wand of clouds (4)
 E - a wand of digging (18) {@v2}
 O - a wand of acid (6) {@v1}
Scrolls
 f - 8 scrolls of teleportation {@r2}
 h - 2 scrolls of immolation {@r4}
 q - 2 scrolls of blinking {@r3}
 s - 7 scrolls of remove curse {@r6}
 v - 2 scrolls of enchant armour
 w - 5 scrolls of magic mapping {@r5}
 x - 2 scrolls of enchant weapon
 H - 4 scrolls of fear
Potions
 g - 2 potions of invisibility
 i - 4 potions of lignification {@q7}
 j - 3 potions of stabbing {@q5}
 k - 4 potions of might {@q3}
 m - 3 potions of curing {@q1}
 n - a potion of haste {@q4}
 t - 2 potions of resistance {unknown}
 z - 6 potions of flight
 A - a potion of mutation
 C - 2 potions of cancellation
 F - 4 potions of heal wounds {@q2}
 I - a potion of ambrosia {unknown}
Comestibles
 e - 26 rations


   Skills:
 * Level 11.7 Fighting
 * Level 13.4 Axes
 + Level 10.3 Armour
 + Level 9.6 Dodging
 + Level 10.3 Shields
 * Level 14.4 Invocations


You had 13 spell levels left.
You didn't know any spells.
Your spell library was empty.

Dungeon Overview and Level Annotations

Branches:
Dungeon (14/15)            Temple (1/1) D:5            Lair (5/6) D:11
  Swamp (0/4) Lair:4       Spider (2/4) Lair:4          Orc (0/2) D:10
 Vaults (0/5) D:14        Gauntlet (visited)
  Slime: Lair:5-6

Altars:
Ashenzari
Cheibriados
Elyvilon
Fedhas
Hepliaklqana
Kikubaaqudgha
Makhleb
Okawaru
Sif Muna
Uskayaw
Vehumet
Wu Jian
Xom
Yredelemnul
Zin
Beogh

Shops:
D:4 *   D:10 !

Annotations:
D:12 exclusion: 2 oklob plants
Lair:1 exclusion: oklob plant
Lair:2 exclusions: orange crystal statue and 6 more exclusions
Spider:2 Nikola


Innate Abilities, Weirdness & Mutations

You are resistant to damage.
You can heal yourself by infusing magical energy.
You resist negative energy. (rN+)
You passively map the area around you.
You do not regenerate.


Message History

You are too confused!
You are too confused!
You are too confused!
You are too confused!
You are too confused!
You are too confused!
You are too confused!
You feel better. You block the tarantella's attack. x2
Your orange demon stings the orb spider from afar!
The orb spider dies!
Makhleb accepts your kill. You block the tarantella's attack.
The tarantella misses you.
You miss the tarantella.
The tarantella is moderately wounded.
You miss the tarantella. The tarantella completely misses you.
The tarantella bites you but does no damage.
You closely miss the tarantella.
The tarantella is moderately wounded.
You slash the tarantella! You freeze the tarantella!
You kill the tarantella!
Makhleb accepts your kill.
You feel better.
The tarantella bites you but does no damage.
Your orange demon stings the tarantella from afar.
The tarantella looks as sick as possible!
Your orange demon poisons the tarantella!
The tarantella bites you.
You are confused.
You are too confused!
You are too confused!
You are too confused!
You are too confused!
You are too confused!
You are too confused!
You are too confused!
You are too confused!
You are too confused!
You are too confused!
You are too confused!
You are too confused!
A tarantella is nearby!
Are you sure you want to stumble around while confused and next to your orange demon? [Y]es or [N]o only, please.
Are you sure you want to stumble around while confused and next to your orange demon? [Y]es or [N]o only, please.
Are you sure you want to stumble around while confused and next to your orange demon? [Y]es or [N]o only, please.
Are you sure you want to stumble around while confused and next to your orange demon?
Okay, then.
Unknown command.
Your orange demon barely misses the tarantella.
The tarantella bites you.
The tarantella bites you but does no damage.
Your orange demon stings the tarantella from afar!
The tarantella dies!
Makhleb accepts your kill.
You feel less confused.
(D) Dungeon (T) Temple (L) Lair (S) Swamp (N) Spider Nest (O) Orcish Mines (V) Vaults
Where to? (Enter - Spider:1, ? - help)
Found a stone staircase leading down.
Found a chain mail.
There is a stone staircase leading down here.
You climb downwards.
Your summoned ally is left behind.
There is a stone staircase leading up here.
Nikola the Mad Inventor comes into view.
He is wielding a +2 rapier of electrocution and wearing a +0 cloak of magic resistance.
Nikola shouts!
Nikola casts a spell at you. The zap hits you but does no damage.
Okay, then.
A demon appears!
A demon appears!
A demon appears!
A demon appears!
Something barely misses your smoke demon.
All of the chunks of flesh in your inventory have rotted away.
A demon appears!
Something hits your smoke demon but does no damage.
You swap places.
Your ynoxinul gestures.
Your smoke demon hits Nikola. x3
Okay, then.
You hit Nikola. You freeze Nikola.
Nikola is lightly wounded.
You block Nikola's attack.
You barely miss Nikola.
Nikola is lightly wounded.
Your smoke demon barely misses Nikola.
Your smoke demon hits Nikola. x2
Your ynoxinul gestures.
Nikola gestures wildly while chanting.
Nikola blinks!
Nikola is caught in a web!
You swap places.
Nikola gestures wildly while chanting.
You hear a mighty clap of thunder!
The lightning arc hits you!!
The lightning arc hits Nikola.
The lightning arc hits you!!!
* * * LOW HITPOINT WARNING * * *
The lightning arc hits your smoke demon!
The lightning arc hits you!!
You die...

, ####...## *
*###.......# *
###.#...^###
##.#...##<..#
#.......#..##
####.5#####..#
#^.#35.# **..#
#.@#3.## .##
#..@33#, .# *
#..3### .. *
###..***,,*.#
* .... *, *
###..#* *
,.^#* ** *,**
* ...^ , ,,,,
^ ##.. * *** ,
*,, *,, ,,* ,


You could see Nikola (webbed), 2 friendly smoke demons, 2 friendly neqoxecs, a
friendly ynoxinul and 2 friendly ufetubi.

Vanquished Creatures
  A minotaur (Gauntlet)
  A dire elephant (Gauntlet)
  2 hydras (D:14)
  2 vault guards (D:14)
  A catoblepas (D:14)
  Erica (Lair:2)
  4 centaur warriors
  2 two-headed ogres
  6 death yaks (D:11)
  A tengu warrior (D:14)
  Sonja (Lair:1)
  4 unseen horrors
  2 wizards (D:14)
  An orb spider (Lair:4)
  3 necromancers (D:14)
  An oklob plant (Lair:4)
  A manticore (shapeshifter) (Gauntlet)
  A manticore (D:11)
  2 ugly things
  A wolf spider (Spider:1)
  7 cyclopes
  2 elephants
  A centaur zombie (D:14)
  A black mamba (Lair:4)
  A spiny frog (Lair:1)
  Maggie (Lair:2)
  A komodo dragon (Lair:1)
  2 tengu conjurers
  A kobold demonologist (D:12)
  2 polar bears (Lair:4)
  A queen bee (D:8)
  2 jumping spiders (Spider:1)
  6 trolls
  A hornet (D:11)
  A polar bear (shapeshifter) (Gauntlet)
  4 slime creatures (D:12)
  4 blink frogs (Lair:4)
  5 hippogriffs
  2 bog bodies (Lair:4)
  A centaur simulacrum (Gauntlet)
  3 wraiths
  2 shadows (D:11)
  3 tarantellas (Spider:1)
  9 redbacks (Spider:1)
  A vampire (D:12)
  5 wyverns
  14 humans (D:14)
  A basilisk (D:13)
  25 yaks
  7 vampire mosquitoes (D:14)
  2 hungry ghosts (D:14)
  2 acid dragons
  A warg (shapeshifter) (Gauntlet)
  4 porcupines
  6 water moccasins
  19 orc warriors
  4 phantoms
  An eye of draining (D:14)
  2 ice beasts
  2 black bears
  3 sky beasts
  2 necrophages
  6 ogres
  4 centaurs
  A big kobold (D:7)
  4 crocodiles
  A wyvern zombie (D:10)
  13 bullfrogs
  A wyvern skeleton (D:14)
  A hornet simulacrum (Gauntlet)
  6 scorpions
  24 killer bees
  16 wights
  5 howler monkeys
  9 crimson imps
  A bullfrog zombie (D:8)
  6 jellies
  10 hounds
  A quasit (D:14)
  A bullfrog skeleton (D:6)
  19 orc priests
  22 orc wizards
  Crazy Yiuf (D:5)
  3 centaur skeletons
  8 hell rats
  6 iguanas
  12 worker ants
  A killer bee zombie (D:9)
  3 bullfrog simulacra (Gauntlet)
  3 hound skeletons
  3 worker ant zombies
  4 gnolls (D:5)
  14 adders
  4 river rats (D:7)
  3 shadow imps
  An ooze (D:4)
  An adder skeleton (D:4)
  An adder zombie (D:9)
  2 worms (D:2)
  A dart slug (D:2)
  3 leopard geckos
  73 orcs
  A ball python (D:2)
  5 giant cockroaches
  4 goblins
  2 hobgoblins
  3 jackals (D:1)
  10 kobolds
  2 quokkas
  2 bats
  5 frilled lizards
  2 leopard gecko skeletons
  A quokka skeleton (D:5)
  18 rats
555 creatures vanquished.

Vanquished Creatures (collateral kills)
  An entropy weaver (Spider:1)
  A fire dragon (Lair:2)
  A vault guard (D:14)
  A hydra (Lair:1)
  2 wolf spiders (Spider:1)
  An orb spider (Spider:1)
  A black mamba (Lair:1)
  A spiny frog (Lair:1)
  2 jumping spiders (Spider:1)
  6 redbacks (Spider:1)
  2 tarantellas (Spider:1)
  2 humans (D:14)
  A porcupine (Lair:1)
  A sky beast (D:14)
  A bullfrog (Lair:1)
24 creatures vanquished.

Vanquished Creatures (others)
  A plant (Lair:1)
  A withered plant (D:9)
2 creatures vanquished.

Grand Total: 581 creatures vanquished

Notes
Turn   | Place    | Note
-------+----------+-------------------------------------------
     0 | D:1      | EnegeticOcto the Deep Dwarf Fighter began the quest for the
                  | Orb.
     0 | D:1      | Reached XP level 1. HP: 20/20 MP: 1/1
    65 | D:1      | Reached XP level 2. HP: 22/27 MP: 2/2
   518 | D:2      | Reached XP level 3. HP: 26/34 MP: 3/3
   629 | D:3      | Reached skill level 1 in Dodging
   736 | D:4      | Noticed a phantom
   777 | D:4      | Found Guas's Assorted Antiques.
   792 | D:4      | Killed a phantom
   792 | D:4      | Reached XP level 4. HP: 27/44 MP: 4/4
   792 | D:4      | Reached XP level 5. HP: 31/50 MP: 5/5
   805 | D:4      | Bought a scroll labeled MESUUN RAORONATAO for 28 gold
                  | pieces
   805 | D:4      | Bought a scroll labeled SUEMOO SEHYZI for 28 gold pieces
   816 | D:4      | Noticed an ogre
   827 | D:4      | Killed an ogre
   830 | D:4      | Reached XP level 6. HP: 32/57 MP: 6/6
   845 | D:4      | Found an iron altar of Okawaru.
   847 | D:4      | Found a basalt altar of Yredelemnul.
   923 | D:4      | Found a white marble altar of Elyvilon.
   925 | D:4      | Found an ornate altar of the Wu Jian Council.
   975 | D:5      | Entered Level 5 of the Dungeon
  1025 | D:5      | Reached XP level 7. HP: 40/66 MP: 7/7
  1096 | D:5      | Reached skill level 5 in Axes
  1223 | D:5      | Found a runed translucent door.
  1224 | D:5      | Noticed Crazy Yiuf
  1328 | D:5      | Reached skill level 5 in Fighting
  1345 | D:5      | Found a staircase to the Ecumenical Temple.
  1352 | Temple   | Entered the Ecumenical Temple
  1361 | Temple   | Became a worshipper of Makhleb the Destroyer
  1603 | D:5      | Killed Crazy Yiuf
  1603 | D:5      | Reached skill level 5 in Armour
  1706 | D:6      | Reached skill level 1 in Invocations
  1778 | D:6      | Reached XP level 8. HP: 42/74 MP: 7/9
  1790 | D:6      | Reached skill level 5 in Shields
  1795 | D:6      | Reached skill level 2 in Invocations
  1843 | D:6      | Found a glowing silver altar of Zin.
  2016 | D:6      | Reached skill level 3 in Invocations
  2143 | D:7      | Reached * piety under Makhleb
  2242 | D:7      | Reached skill level 4 in Invocations
  2400 | D:7      | Gained mutation: You passively map the area around you.
                  | [Deep Dwarf growth]
  2400 | D:7      | Reached XP level 9. HP: 45/82 MP: 10/10
  2510 | D:7      | Reached skill level 5 in Invocations
  2565 | D:7      | Reached ** piety under Makhleb
  2738 | D:7      | Found the +2 ratskin cloak {+Rats rPois rN+ Str-1 Int-1
                  | Dex+1}
  3238 | D:8      | Noticed a queen bee
  3306 | D:8      | Reached *** piety under Makhleb
  3450 | D:8      | Reached skill level 6 in Invocations
  3498 | D:8      | Reached skill level 5 in Dodging
  3628 | D:8      | Killed a queen bee
  3799 | D:8      | Found a blossoming altar of Fedhas.
  4084 | D:8      | Reached XP level 10. HP: 86/94 MP: 12/12
  4296 | D:9      | Reached skill level 7 in Invocations
  4486 | D:9      | Found a hide-covered altar of Uskayaw.
  4535 | D:9      | Found an ancient bone altar of Kikubaaqudgha.
  4553 | D:9      | Reached **** piety under Makhleb
  4957 | D:10     | Entered Level 10 of the Dungeon
  4957 | D:10     | Found Fenocw's Distillery.
  4992 | D:10     | Bought a potion of might for 60 gold pieces
  5011 | D:10     | Noticed a two-headed ogre
  5023 | D:10     | Killed a two-headed ogre
  5023 | D:10     | Reached skill level 8 in Invocations
  5053 | D:10     | Found a hazy altar of Hepliaklqana.
  5056 | D:10     | Found a staircase to the Orcish Mines.
  5066 | D:10     | Found a roughly hewn altar of Beogh.
  5532 | D:10     | Noticed a purple ugly thing
  5548 | D:10     | Killed a purple ugly thing
  5548 | D:10     | Reached skill level 9 in Invocations
  5548 | D:10     | Reached XP level 11. HP: 88/103 MP: 12/12
  5560 | D:10     | Killed an unseen horror
  5806 | D:11     | Reached ***** piety under Makhleb
  6011 | D:11     | Reached skill level 10 in Axes
  6031 | D:11     | Reached skill level 10 in Invocations
  6072 | D:11     | Noticed a centaur warrior
  6086 | D:11     | Killed a centaur warrior
  6109 | D:11     | Got a heavily runed chain mail
  6131 | D:11     | Identified the +6 chain mail "Vacis" {rF- rN+ MP+9} (You
                  | found it on level 11 of the Dungeon)
  6345 | D:11     | Killed an unseen horror
  6370 | D:11     | Noticed a brown ugly thing
  6370 | D:11     | Noticed a death yak
  6371 | D:11     | Noticed a death yak
  6373 | D:11     | Found a staircase to the Lair.
  6373 | D:11     | Noticed a death yak
  6373 | D:11     | Noticed a death yak
  6373 | D:11     | Noticed a death yak
  6374 | D:11     | Noticed a death yak
  6381 | D:11     | Killed a death yak
  6381 | D:11     | Reached XP level 12. HP: 82/114 MP: 14/14
  6408 | D:11     | Killed a death yak
  6413 | D:11     | Killed a death yak
  6413 | D:11     | Reached skill level 11 in Invocations
  6433 | D:11     | Killed a death yak
  6449 | D:11     | Killed a death yak
  6450 | D:11     | Killed a death yak
  6998 | D:12     | Reached skill level 10 in Fighting
  7260 | D:12     | Noticed a centaur warrior
  7274 | D:12     | Noticed a two-headed ogre
  7277 | D:12     | Killed a centaur warrior
  7277 | D:12     | Reached skill level 12 in Invocations
  7299 | D:12     | Killed a two-headed ogre
  7511 | D:12     | Found a blossoming altar of Fedhas.
  7574 | D:13     | Noticed a centaur warrior
  7595 | D:13     | Killed a centaur warrior
  7645 | D:13     | Reached XP level 13. HP: 118/124 MP: 10/10
  7658 | D:13     | Found a roughly hewn altar of Beogh.
  7671 | D:13     | Reached ****** piety under Makhleb
  7850 | D:13     | Found a gate leading to a gauntlet.
  7861 | D:13     | Found a radiant altar of Vehumet.
  7864 | Gauntlet | Entered a Gauntlet
  7864 | Gauntlet | Found a transporter.
  7864 | Gauntlet | Found a transporter.
  7886 | Gauntlet | Found a transporter.
  7895 | Gauntlet | Found a transporter.
  7898 | Gauntlet | Found a transporter.
  7902 | Gauntlet | Found a runed translucent door.
  7902 | Gauntlet | Found a runed translucent door.
  7906 | Gauntlet | Found a transporter.
  7922 | Gauntlet | Found a transporter.
  7925 | Gauntlet | Noticed a dire elephant
  7939 | Gauntlet | Found a transporter.
  7940 | Gauntlet | Found a transporter.
  7948 | Gauntlet | Found a transporter.
  7952 | Gauntlet | Found a transporter.
  7976 | Gauntlet | Found a transporter.
  8058 | Gauntlet | Got a glittering jade ring
  8060 | Gauntlet | Identified a ring "Huuq" {rC+ rN+ Int+5} (You found it in a
                  | Gauntlet)
  8105 | Gauntlet | Killed a dire elephant
  8109 | Gauntlet | Got a translucent lapis lazuli ring
  8113 | Gauntlet | Identified the ring "Ypryvock" {rC+ MR- Int+2 Dex+2 Stlth+}
                  | (You found it in a Gauntlet)
  8131 | Gauntlet | Noticed a minotaur
  8142 | Gauntlet | Killed a minotaur
  8661 | Lair:1   | Entered Level 1 of the Lair of Beasts
  8661 | Lair:1   | Noticed Sonja
  8668 | Lair:1   | Killed Sonja
  8985 | Lair:2   | Noticed Erica
  9005 | Lair:2   | Killed Erica
  9005 | Lair:2   | Reached skill level 13 in Invocations
  9292 | Lair:2   | Noticed Maggie
  9307 | Lair:2   | Killed Maggie
  9529 | Lair:2   | Noticed a fire dragon
  9546 | Lair:2   | Killed a fire dragon
  9617 | Lair:2   | Got a dazzling plate armour
  9628 | Lair:2   | Identified the cursed +0 plate armour of Discretion {rElec
                  | MR- Int+3} (You found it on level 2 of the Lair of Beasts)
 10841 | Lair:4   | Found the +7 great mace "Undeadhunter" {disrupt, rN+}
 11021 | Lair:4   | Found a staircase to the Swamp.
 11278 | Lair:4   | Found a hole to the Spider Nest.
 11749 | D:14     | Gained mutation: You resist negative energy. (rN+) [Deep
                  | Dwarf growth]
 11749 | D:14     | Reached XP level 14. HP: 132/135 MP: 7/7
 12126 | D:14     | Reached skill level 10 in Shields
 12140 | D:14     | Reached skill level 10 in Armour
 12373 | D:14     | Reached skill level 14 in Invocations
 12403 | D:14     | Found a gate to the Vaults.
 12751 | Spider:1 | Entered Level 1 of the Spider Nest
 12788 | Spider:1 | Noticed an entropy weaver
 12803 | Spider:1 | Killed an entropy weaver
 12984 | Spider:2 | Noticed Nikola
 12995 | Spider:2 | Killed from afar by Nikola

Levels and vault maps discovered:
D:1:      dpeg_arrival_concentric_ovals, layout_basic
D:2:      minmay_inner_zag, layout_basic
D:3:      layout_basic
D:4:      layout_loops_ring, nicolae_overflow_hidden_temple, serial_shops, shop,
          serial_bayou_lagoon_b
D:5:      layout_basic, minmay_temple_entry_nine_rooms, first_ration,
          uniq_crazy_yiuf_cottage
D:6:      layout_rooms, kennysheep_mini
D:7:      wander_guarded_unrand_ratskin, layout_rooms
D:8:      layout_layer_cave, david_nohive_1, fedhas_altar_4
D:9:      layout_grid_maze, kiku_gazebo_garden_becter, kennysheep_mini_moat
D:10:     layout_roguey, minmay_orc_entry_temple_small, basic_altar,
          serial_shops, shop, patterned_corridor
D:11:     minmay_the_grid_triangle_9x9_recursive_2_mashed
          [minmay_the_grid_triangle_9x9_prize_schism,
          minmay_the_grid_triangle_9x9_impossible_snake,
          minmay_the_grid_triangle_9x9_empty,
          minmay_the_grid_triangle_9x9_stretched_checkered], layout_grid_maze,
          dpeg_lair_monsters
D:12:     layout_loops_cross, hangedman_tree_tricks
D:13:     layout_roguey [special_room_orc], basic_altar, gauntlet_entry_generic,
          lightli_corner_chamber
D:14:     layout_stronghold, grunt_vaults_entry_tiered, lemuel_statue_altar
Temple:   eino_wide_crystal_templ
Lair:1:   layout_loops_ring, minmay_lair_oklob_chamber, grunt_megastairs_1,
          uniq_sonja
Lair:2:   dragon1_lemuel, layout_regular_city, chequers_serial_rivers_small_a,
          disabler_island, serial_bayou_shore_b, infiniplex_staircase_pool,
          serial_bayou_shore_b, uniq_maggie, uniq_erica
Lair:3:   layout_regular_city, minivault_26
Lair:4:   layout_cave_shapes, skrybe_swamp_entry_bodies,
          nicolae_spider_entry_orb_guardian, grunt_forest_small_clearings,
          st_stairs_5, chequers_serial_rivers_micro_c, beast_lair_carwin_6
Lair:5:   layout_misc_corridors, st_stairs_13, nicolae_quartered_pool_little,
          serial_bayou_ford_a, grunt_megastairs_2
Spider:1: layout_spider_delve, drop_trap
Spider:2: layout_spider_delve, ebering_ghost_xom, uniq_arachne, uniq_nikola

Skill      XL: |  1  2  3  4  5  6  7  8  9 10 11 12 13 14 |
---------------+-------------------------------------------+-----
Fighting       | 3 4 5 6 7 8 9 10 11 | 11.7
Axes           | 3 4 5 6 8 9 10 11 12 13 | 13.4
Dodging        | 1 2 3 4 5 6 7 8 9 |  9.6
Armour         | 4 5 6 7 8 9 10 | 10.3
Shields        | 4 5 6 7 8 9 10 | 10.3
Invocations    | 1 4 6 9 10 12 13 14 | 14.4

Action                   |  1- 3 |  4- 6 |  7- 9 | 10-12 | 13-15 || total
-------------------------+-------+-------+-------+-------+-------++-------
Melee: War axe           |   106 |    52 |   530 |   707 |   795 ||  2190
Invok: Lesser Servant of |       |       |       |       |    22 ||    22
 Abil: Heal Wounds       |     1 |     3 |    16 |    26 |    15 ||    61
Evoke: Wand              |       |       |       |       |     3 ||     3
  Use: Scroll            |       |     7 |     6 |     4 |     7 ||    24
       Potion            |       |       |       |       |     2 ||     2
 Stab: Petrified         |       |       |       |       |    29 ||    29
       Paralysed         |       |       |       |       |     3 ||     3
       Distracted        |       |       |       |       |     6 ||     6
       Petrifying        |       |       |       |       |     1 ||     1
  Eat: Chunk             |       |     1 |     8 |    12 |    18 ||    39
       Ration            |       |       |     1 |       |     1 ||     2
Armor: Scale mail        |    52 |    32 |    85 |       |       ||   169
       Chain mail        |       |       |   273 |   401 |   436 ||  1110
Dodge: Dodged            |    44 |    24 |   286 |   338 |   377 ||  1069
Block: Kite shield       |    58 |    24 |   448 |   600 |   643 ||  1773

Table legend:
 A = Non-vault XP
 B = Vault XP
 C = Vault XP percentage of total XP
 D = Non-vault monster count
 E = Vault monster count
 F = Vault count percentage of total count
                 A         B        C        D         E       F
            +---------+---------+-------+---------+---------+-------
      Total |   53279 |   30733 |  36.6 |     432 |     147 |  25.4
            +---------+---------+-------+---------+---------+-------
        D:1 |      22 |       0 |   0.0 |      14 |       0 |   0.0
        D:2 |      24 |      15 |  38.5 |       6 |       5 |  45.5
        D:3 |      35 |       0 |   0.0 |      11 |       0 |   0.0
        D:4 |     474 |       0 |   0.0 |      16 |       0 |   0.0
        D:5 |     670 |      37 |   5.2 |      25 |       1 |   3.8
        D:6 |     841 |       0 |   0.0 |      24 |       0 |   0.0
        D:7 |    1180 |     172 |  12.7 |      33 |      21 |  38.9
        D:8 |     881 |    1177 |  57.2 |      22 |      15 |  40.5
        D:9 |    1769 |       0 |   0.0 |      34 |       0 |   0.0
       D:10 |    4521 |     261 |   5.5 |      29 |       6 |  17.1
       D:11 |    7121 |    8949 |  55.7 |      39 |      19 |  32.8
       D:12 |    7747 |       0 |   0.0 |      41 |       0 |   0.0
       D:13 |    4637 |    1235 |  21.0 |      23 |      26 |  53.1
       D:14 |    9385 |    8417 |  47.3 |      49 |      25 |  33.8
     Lair:1 |    2368 |    1244 |  34.4 |      11 |       4 |  26.7
     Lair:2 |    1131 |    1918 |  62.9 |       7 |       3 |  30.0
     Lair:3 |     566 |       0 |   0.0 |       5 |       0 |   0.0
     Lair:4 |    2602 |    3279 |  55.8 |      14 |      11 |  44.0
   Spider:1 |    7305 |       0 |   0.0 |      29 |       0 |   0.0
   Gauntlet |       0 |    4029 | 100.0 |       0 |      11 | 100.0
            +---------+---------+-------+---------+---------+-------
